 Dungeon Crawl Stone Soup version 0.31.0-9-g3a7656b989 (webtiles) character file.

Game seed: 9867339257288856997

242 qw the Skirmisher (level 5, -4/30 HPs)
             Began as a Deep Elf Hunter on Feb 2, 2024.
             Incinerated by a bombardier beetle (6 damage)
             ... with a burning spray
             ... on level 4 of the Dungeon.
             The game lasted 00:00:11 (2494 turns).

qw the Skirmisher (Deep Elf Hunter)                 Turns: 2494, Time: 00:00:12

Health: -4/30      AC:  7    Str: 10    XL:     5   Next: 81%
Magic:  0/7        EV: 11    Int: 14    God:
Gold:   42         SH:  0    Dex: 18    Spells: 4/4 levels left

rFire   . . .        a - +1 shortbow
rCold   . . .        (shield currently unavailable)
rNeg    . . .        d - +2 ring mail
rPois   .            (no helmet)
rElec   .            (no cloak)
rCorr   .            (no gloves)
SInv    .            (no boots)
Will    .....        c - amulet of guardian spirit
Stlth   +            (no ring)
HPRegen 0.25/turn    (no ring)
MPRegen 0.10/turn

%: guardian spirit
@: on fire, glowing
A: no striking features
a: no special abilities


You were on level 4 of the Dungeon.
You visited 1 branch of the dungeon, and saw 4 of its levels.

You collected 137 gold pieces.
You spent 95 gold pieces at shops.


   Skills:
 - Level 2.1 Fighting
 + Level 9.1 Ranged Weapons
 - Level 2.4 Dodging
 - Level 1.2 Stealth


You had 4 spell levels left.
You didn't know any spells.
Your spell library was empty.

Inventory:

Hand Weapons
 a - a +1 shortbow (weapon)
Armour
 d - a +2 ring mail (worn)
Jewellery
 c - an amulet of guardian spirit (around neck)
Scrolls
 b - a scroll of teleportation
Potions
 e - 3 potions of resistance
 f - a potion of lignification {unknown}
 j - 2 potions of heal wounds
 k - a potion of curing
 l - a potion of haste

Dungeon Overview and Level Annotations

Branches:
Dungeon (4/15)
 Temple: D:4-7

Altars:
Dithmenos

Shops:
D:3 ?


Message History

You shoot an arrow. The arrow hits the bombardier beetle.
The bombardier beetle is lightly wounded.
You shoot an arrow.
The arrow barely misses the bombardier beetle.
You shoot an arrow. The arrow hits the bombardier beetle.
The bombardier beetle is moderately wounded.
You shoot an arrow.
The arrow hits the bombardier beetle but does no damage.
The bombardier beetle is moderately wounded.
You shoot an arrow. The arrow hits the bombardier beetle!
The bombardier beetle is almost dead.
The bombardier beetle sprays incendiary fluid at you.
The burning spray hits you.
You are covered in liquid fire!
You shoot an arrow. The arrow hits the bombardier beetle!
You kill the bombardier beetle!
The liquid fire burns you!
You feel your dexterity returning.
Your Fighting skill increases to level 2!
You are on fire!
The liquid fire burns you!
You are on fire!
The liquid fire burns you!
You are on fire!
The liquid fire burns you!
You are on fire!
The liquid fire burns you!
You are on fire!
The liquid fire burns you!
You are on fire!
The liquid fire burns you!
You are on fire!
The liquid fire burns you!
You are on fire!
The liquid fire burns you!
You are on fire!
The liquid fire burns you!
You are on fire!
The liquid fire burns you!
You die...

..........##
.......... ........#
.......# ......#
#....##### #.........
# ####@...# ##
##.#....## .#####
#####......##
).##.#+#.........##
<...........#.......#
.....#####.........##
.....# #.#.........
....## ...........##.
.....##.............#


There were no monsters in sight!

Vanquished Creatures
  A bombardier beetle (D:4)
  An iguana (D:3)
  3 orc wizards
  2 adders (D:2)
  A ribbon worm (D:2)
  A dart slug (D:1)
  8 orcs
  11 ball pythons
  11 bats
  10 endoplasms
  A giant cockroach (D:3)
  2 goblins (D:3)
  7 hobgoblins
  3 jackals (D:3)
  6 kobolds
  2 quokkas
  10 frilled lizards (D:2)
  5 rats
85 creatures vanquished.

Notes
Turn   | Place    | Note
-------+----------+-------------------------------------------
     0 | D:1      | qw the Deep Elf Hunter began the quest for the Orb.
     0 | D:1      | Reached XP level 1. HP: 12/12 MP: 3/3
     0 | D:1      | 0 ||| qw: Version: 0.3-a-155-g5e7d8dd
     0 | D:1      | 0 ||| qw: Game counter: 1601
     0 | D:1      | 0 ||| qw: Melee chars always use a shield: true
     0 | D:1      | 0 ||| qw: God list: Okawaru
     0 | D:1      | 0 ||| qw: Allow faded altars: false
     0 | D:1      | 0 ||| qw: Do Orc after clearing Dungeon:15 true
     0 | D:1      | 0 ||| qw: Do second Lair branch before Depths: true
     0 | D:1      | 0 ||| qw: Lair rune preference: random
     0 | D:1      | 0 ||| qw: Goals: Normal
     0 | D:1      | 0 ||| PLANNING D:1-11
   207 | D:1      | Reached XP level 2. HP: 16/16 MP: 4/4
   226 | D:1      | Reached skill level 6 in Ranged Weapons
   809 | D:1      | 809 ||| UPGRADING to +0 ring mail.
   819 | D:1      | 819 ||| DROPPING +0 leather armour.
   820 | D:1      | 820 ||| READING scroll labelled JUEWEATRUNUU.
   921 | D:1      | 921 ||| READING scroll labelled YTYUBL DYDUZXI.
   922 | D:1      | 922 ||| READING scroll labelled GADUGH GEOX.
   926 | D:1      | 926 ||| READING scroll labelled MUUTTI COSTUM.
   926 | D:1      | 926 ||| ENCHANTING +0 ring mail.
   927 | D:1      | 927 ||| DRINKING 2 bubbling brown potions.
   928 | D:1      | 928 ||| DROPPING scroll of butterflies.
   929 | D:1      | 929 ||| DROPPING potion of degeneration.
  1047 | D:2      | Reached XP level 3. HP: 20/20 MP: 5/5
  1108 | D:2      | 1108 ||| FLEEEEING.
  1318 | D:2      | Reached skill level 7 in Ranged Weapons
  1441 | D:2      | Reached XP level 4. HP: 21/25 MP: 6/6
  1490 | D:2      | Found a faded altar of an unknown god.
  1706 | D:2      | 1706 ||| READING scroll labelled GIRRYGE KOHU.
  1706 | D:2      | 1706 ||| ENCHANTING +0 shortbow.
  1707 | D:2      | 1707 ||| READING 3 scrolls labelled UFFYNAU PAICRE.
  1707 | D:2      | 1707 ||| IDENTIFYING metallic grey potion
  1708 | D:2      | 1708 ||| READING 2 scrolls of identify.
  1708 | D:2      | 1708 ||| IDENTIFYING green potion
  1709 | D:2      | 1709 ||| READING scroll of identify.
  1709 | D:2      | 1709 ||| IDENTIFYING 2 murky yellow potions
  1710 | D:2      | 1710 ||| READING scroll labelled QIGOVU FUMANTU.
  1711 | D:2      | 1711 ||| DRINKING 3 ruby potions.
  2023 | D:3      | Found a shadowy altar of Dithmenos.
  2138 | D:3      | Reached skill level 8 in Ranged Weapons
  2165 | D:3      | Found The Oracle's Delphic Readings.
  2169 | D:3      | 2169 ||| BUYING scroll of enchant armour (75 gold).
  2169 | D:3      | Bought a scroll of enchant armour for 75 gold pieces
  2169 | D:3      | 2169 ||| SHOPLISTING scroll of enchant weapon (75 gold,
                  | have 39).
  2169 | D:3      | 2169 ||| BUYING scroll of identify (20 gold).
  2169 | D:3      | Bought a scroll of identify for 20 gold pieces
  2169 | D:3      | 2169 ||| SHOPLISTING scroll of teleportation (30 gold, have
                  | 19).
  2169 | D:3      | 2169 ||| READING scroll of enchant armour.
  2169 | D:3      | 2169 ||| ENCHANTING +1 ring mail.
  2260 | D:3      | 2260 ||| UPGRADING to amulet of guardian spirit.
  2265 | D:3      | 2265 ||| READING 2 scrolls of identify.
  2265 | D:3      | 2265 ||| IDENTIFYING viscous yellow potion
  2266 | D:3      | 2266 ||| DROPPING potion of brilliance.
  2291 | D:4      | Reached XP level 5. HP: 29/29 MP: 7/7
  2297 | D:4      | 2297 ||| FLEEEEING.
  2298 | D:4      | 2298 ||| FLEEEEING.
  2299 | D:4      | 2299 ||| FLEEEEING.
  2300 | D:4      | 2300 ||| FLEEEEING.
  2301 | D:4      | 2301 ||| FLEEEEING.
  2302 | D:4      | 2302 ||| STAIRDANCE
  2340 | D:3      | 2340 ||| READING scroll of identify.
  2340 | D:3      | 2340 ||| IDENTIFYING scroll labelled YROLY QIABI
  2341 | D:3      | 2341 ||| DROPPING scroll of amnesia.
  2344 | D:4      | 2344 ||| STAIRDANCE
  2364 | D:4      | 2364 ||| STAIRDANCE
  2378 | D:4      | 2378 ||| STAIRDANCE
  2405 | D:4      | 2405 ||| STAIRDANCE
  2426 | D:4      | 2426 ||| STAIRDANCE
  2432 | D:3      | Reached skill level 9 in Ranged Weapons
  2491 | D:4      | HP: 6/30 [burnt (3)]
  2493 | D:4      | HP: 2/30 [burnt (1)]
  2494 | D:4      | Incinerated by a bombardier beetle

Levels and vault maps discovered:
D:1:      dpeg_arrival_tiny_a, layout_basic, serial_bayou_pond_e,
          chequers_serial_rivers_micro_e
D:2:      layout_basic, shapermc_ecumenical_altar_totnotflames,
          minmay_lizard_pond
D:3:      layout_rooms, nicolae_dithmenos_shadow_blocks,
          nicolae_nh_oracle_at_delphi
D:4:      minmay_bubble_buster, layout_cave_pools,
          chequers_temple_overflow_minitemple, kennysheep_mini,
          minmay_temple_entry_waves, serial_shops, nicolae_shop_stone,
          nicolae_figureground_sparkle

Skill      XL: |  1  2  3  4  5 |
---------------+----------------+-----
Ranged Weapons | 6 7 8 9 |  9.1
Fighting       | 2 |  2.1
Dodging        | |  2.4
Stealth        | |  1.2

Action                     |  1- 3 |  4- 6 || total
---------------------------+-------+-------++-------
   Fire: Shortbow          |   129 |   121 ||   250
    Use: Scroll            |     4 |     8 ||    12
         Potion            |     1 |     1 ||     2
 Armour: Leather armour    |    11 |       ||    11
         Ring mail         |    29 |    44 ||    73
  Dodge: Dodged            |    34 |    32 ||    66

Table legend:
 A = Non-vault XP
 B = Vault XP
 C = Vault XP percentage of total XP
 D = Non-vault monster count
 E = Vault monster count
 F = Vault count percentage of total count
                 A         B        C        D         E       F
            +---------+---------+-------+---------+---------+-------
      Total |     299 |      47 |  13.6 |      74 |      11 |  12.9
            +---------+---------+-------+---------+---------+-------
        D:1 |      34 |       0 |   0.0 |      19 |       0 |   0.0
        D:2 |      62 |       9 |  12.7 |      23 |       9 |  28.1
        D:3 |     115 |      38 |  24.8 |      25 |       2 |   7.4
        D:4 |      88 |       0 |   0.0 |       7 |       0 |   0.0
            +---------+---------+-------+---------+---------+-------
